 Dungeon Crawl Stone Soup version 0.23.2-40-g277498a001 (webtiles) character file.

Game seed: 1257888818839061391

44 Curus the Insei (level 3, -5/26 HPs)
             Began as a Merfolk Transmuter on Oct 3, 2019.
             Slain by a gnoll
             ... wielding a +0 halberd
              (9 damage)
             ... on level 2 of the Dungeon.
             The game lasted 00:04:27 (627 turns).

Curus the Insei (Merfolk Transmuter)                 Turns: 627, Time: 00:04:28

Health: -5/26      AC:  2    Str: 10    XL:     3   Next: 60%
Magic:  1/6        EV: 21    Int: 13    God:
Gold:   72         SH:  0    Dex: 19    Spells: 2/6 levels left

rFire    . . .     SeeInvis .     - Unarmed
rCold    . . .     Gourm    .   (shield currently unavailable)
rNeg     . . .     Faith    .   (armour currently unavailable)
rPois    x         Spirit   .   (helmet currently unavailable)
rElec    .         Reflect  .   (cloak currently unavailable)
rCorr    .         Harm     .   (gloves currently unavailable)
MR       .....                  (boots currently unavailable)
Stlth    ++........             (no amulet)
HPRegen  0.08/turn              (no ring)
MPRegen  0.10/turn              (no ring)

@: spider-form (expiring)
A: tiny, (change form in water), (swift swim), (stealthy swim)
a: End Transformation


You were on level 2 of the Dungeon.
You were not hungry.
You were a venomous arachnid creature.
You visited 1 branch of the dungeon, and saw 2 of its levels.

You collected 72 gold pieces.

Inventory:

Missiles
 a - 19 arrows
Armour
 b - a +0 robe
 c - a cursed +0 leather armour (melded)
Scrolls
 e - a scroll of identify
Comestibles
 d - 4 rations


   Skills:
 - Level 1.1 Fighting
 - Level 2.6 Dodging
 - Level 4.5 Unarmed Combat
 - Level 2.0 Spellcasting
 + Level 3.1 Transmutations
 + Level 1.0 Poison Magic


You had 2 spell levels left.
You knew the following spells:

 Your Spells              Type           Power        Failure   Level  Hunger
a - Beastly Appendage     Tmut           #.....       19%         1    ##.....
b - Spider Form           Tmut/Pois      #.........   54%         3    ####...

Your spell library contained the following spells:

 Spells                   Type           Power        Failure   Level  Hunger
 Sticks to Snakes         Tmut           #.......     26%         2    ###....
 Ice Form                 Ice/Tmut       #.......     92%         4    #####..
 Blade Hands              Tmut           #.........   97%         5    ######.


Dungeon Overview and Level Annotations

Branches:
Dungeon (2/15)

Altars:


Message History

You punch the orc!
You kill the orc!
Your Poison Magic skill increases to level 1!
The gnoll barely misses you.
Casting: Spider Form (slightly dangerous; 41% risk of failure)
Confirm with . or Enter, or press ? or * to list all spells.
You turn into a venomous arachnid creature.
Your cursed +0 leather armour melds into your body.
The gnoll hits you from afar with a +0 halberd!
* * * LOW HITPOINT WARNING * * *
Unknown command.
A worm comes into view.
Your transformation is almost over.
The gnoll barely misses you.
Items here: ))) [ † a +0 falchion; a +0 whip; a +0 trident; a +0 chain mail; an orc corpse You hit the gnoll.
The gnoll is poisoned.
The gnoll is moderately wounded.
The gnoll hits you with a +0 halberd!
You die...

+### .....
####......
#.gg..>.w.
#s##......
#)# o..g.
#.# ####
#†# #.#
#.# #.#
#(#
#######(#


You could see a worm and 2 gnolls.

Vanquished Creatures
  A gnoll (D:2)
  An ooze (D:1)
  A worm (D:2)
  A dart slug (D:1)
  A leopard gecko (D:2)
  3 orcs (D:2)
  4 bats (D:1)
  2 goblins (D:1)
  2 hobgoblins
  A frilled lizard (D:1)
  A kobold (D:1)
  5 rats (D:1)
23 creatures vanquished.

Notes
Turn   | Place    | Note
-------+----------+-------------------------------------------
     0 | D:1      | Curus the Merfolk Transmuter began the quest for the Orb.
     0 | D:1      | Reached XP level 1. HP: 15/15 MP: 3/3
    91 | D:1      | Reached XP level 2. HP: 21/21 MP: 5/5
   111 | D:1      | Reached skill level 4 in Unarmed Combat
   518 | D:2      | Reached XP level 3. HP: 18/26 MP: 4/6
   523 | D:2      | Learned a level 3 spell: Spider Form
   624 | D:2      | Reached skill level 1 in Poison Magic
   627 | D:2      | Slain by a gnoll

Skill      XL: |  1  2  3 |
---------------+----------+-----
Unarmed Combat | 4 |  4.5
Transmutations | 3 |  3.1
Poison Magic   | 1 |  1.0
Fighting       | |  1.1
Dodging        | |  2.6
Spellcasting   | |  2.0

Action                   || total
-------------------------++-------
Melee: Unarmed           ||    78
       Headbutt          ||     2
       Punch             ||     1
 Cast: Beastly Appendage ||     3
       Spider Form       ||     2
  Use: Potion            ||     3
       Scroll            ||     3
 Stab: Sleeping          ||     2
       Invisible         ||     1
Armor: Robe              ||     7
       Leather armour    ||     2
Dodge: Dodged            ||    59
